 Dungeon Sprint DCSS version 0.18.1-50-g88ac8fd (webtiles) character file.

447 lorenzova the Fighter (level 6, -2/68 HPs)
             Began as a Minotaur Fighter on Oct 15, 2016.
             Was an Initiate of Qazlal.
             Slain by Sonja
             ... wielding a +0 short sword of distortion
              (4 damage)
             ... in the Dungeon (Sprint I: "Red Sonja").
             The game lasted 00:02:55 (502 turns).

lorenzova the Fighter (Minotaur Fighter)             Turns: 502, Time: 00:02:55

Health: -2/68      AC:  7    Str: 22    XL:     6   Next: 73%
Magic:  5/5        EV:  8    Int:  5    God:    Qazlal [......]
Gold:   59         SH: 10    Dex: 10    Spells: 0 memorised, 5 levels left

rFire  . . .     SeeInvis .     a - +0 war axe
rCold  . . .     Gourm    .     b - +0 scale mail
rNeg   . . .     Faith    .     c - +0 shield
rPois  .         Spirit   .     (helmet restricted)
rElec  .         Dismiss  .     (no cloak)
rCorr  .         Reflect  .     (no gloves)
SustAt .         Harm     .     (no boots)
MR     .....     NoTele   +     (no amulet)
Stlth  ..........               (no ring)
                                (no ring)

@: lethally poisoned (-2 -> -3), very slightly contaminated, hasted and slowed,
not resistant to hostile enchantments, extremely unstealthy
A: retaliatory headbutt, horns 2
a: Renounce Religion


You were in the Dungeon.
You worshipped Qazlal.
Qazlal was noncommittal.
You were not hungry.

You visited 1 branch You collected 334 gold pieces.
You spent 275 gold pieces at shops.

Inventory:

Hand Weapons
 a - a +0 war axe (weapon)
Armour
 b - a +0 scale mail (worn)
 c - a +0 shield (worn)
Scrolls
 k - a scroll of blinking
 l - a scroll of recharging {unknown}
Potions
 d - a potion of might
 g - 2 potions of heal wounds
 h - a potion of haste
 i - 2 potions of magic
 j - a potion of berserk rage
Comestibles
 f - a bread ration


   Skills:
 + Level 11.4 Fighting
 + Level 11.2 Axes
 * Level 6.4 Armour
 * Level 6.4 Shields


You had 5 spell levels left.
You didn't know any spells.

Dungeon Overview and Level Annotations

Branches:
Dungeon (1/1)

Altars:
Elyvilon
Gozag
Kikubaaqudgha
Makhleb
Nemelex Xobeh
Okawaru
Pakellas
Qazlal
Ru
Sif Muna
Trog
Vehumet
Xom
Yredelemnul
Zin
The Shining One

Shops:
D !

Annotations:
D Sonja


Innate Abilities, Weirdness & Mutations

You reflexively headbutt those who attack you in melee.
You have a pair of horns on your head.


Message History

Sonja barely misses you. Sonja hits you but does no damage. x2
Space bends around you. Sonja hits you but does no damage.
Space bends around you.
You slash Sonja!
Sonja is moderately wounded.
Sonja hits you but does no damage.
You feel a strange sense of stasis.
Sonja hits you with an uncursed short sword of distortion.
Space bends around you. Sonja hits you but does no damage.
Space warps horribly around you!
* * * LOW HITPOINT WARNING * * *
You hit Sonja but do no damage.
Sonja is moderately wounded.
You feel sick. You block Sonja's attack. Sonja barely misses you.
Sonja hits you with an uncursed short sword of distortion.
* * * LOW HITPOINT WARNING * * *
Space bends around you.
* * * LOW HITPOINT WARNING * * *
Sonja says, "I'm academy-trained, you know."
Sonja hits you with an uncursed short sword of distortion.
You die...

#..#####'#####'#
#..####..#...#.#
#..#__####..##.#
#..#_._K_##'#..+
#⌠⌠#_.∩...†.(._#
####_..._##_(#+#
#_____###(#
##########(##
........@K.$+
#++++####$.$#
##.## #+#


You could see Sonja.

Vanquished Creatures
  Sigmund (D)
  A yak (D)
  An ogre (D)
  A jelly (D)
  Ijyb (D)
5 creatures vanquished.

Vanquished Creatures (others)
  A gargoyle (D)
1 creature vanquished.

Grand Total: 6 creatures vanquished

Notes
Turn   | Place    | Note
--------------------------------------------------------------
     0 | D        | lorenzova the Minotaur Fighter began the quest for the Orb.
     0 | D        | Reached XP level 1. HP: 19/19 MP: 0/0
     1 | D        | Noticed Ijyb
     7 | D        | Killed Ijyb
     7 | D        | Reached skill level 5 in Axes
     7 | D        | Reached XP level 2. HP: 26/30 MP: 1/1
    48 | D        | Noticed an ogre
    51 | D        | Killed an ogre
    51 | D        | Reached XP level 3. HP: 41/41 MP: 2/2
    51 | D        | Reached XP level 4. HP: 49/49 MP: 3/3
   132 | D        | Noticed Sigmund
   150 | D        | Killed Sigmund
   150 | D        | Reached skill level 10 in Fighting
   150 | D        | Reached skill level 10 in Axes
   150 | D        | Reached XP level 5. HP: 10/59 MP: 4/4
   337 | D        | Killed a gargoyle
   415 | D        | Found a deep blue altar of Sif Muna.
   417 | D        | Found a radiant altar of Vehumet.
   419 | D        | Reached XP level 6. HP: 63/68 MP: 5/5
   443 | D        | Found Ynesiq's Distillery.
   443 | D        | Found a white marble altar of Elyvilon.
   443 | D        | Found a stormy altar of Qazlal.
   443 | D        | Found a burning altar of Makhleb.
   443 | D        | Found a sacrificial altar of Ru.
   443 | D        | Found an oddly glowing altar of Pakellas.
   443 | D        | Found a basalt altar of Yredelemnul.
   443 | D        | Found a glowing golden altar of the Shining One.
   443 | D        | Found a sparkling altar of Nemelex Xobeh.
   443 | D        | Found a shimmering altar of Xom.
   443 | D        | Found an opulent altar of Gozag.
   443 | D        | Found an ancient bone altar of Kikubaaqudgha.
   443 | D        | Found a glowing silver altar of Zin.
   443 | D        | Noticed a yak
   453 | D        | Killed a yak
   454 | D        | Found an iron altar of Okawaru.
   455 | D        | Found a bloodstained altar of Trog.
   461 | D        | Became a worshipper of Qazlal Stormbringer
   464 | D        | Bought a potion of heal wounds for 55 gold pieces
   464 | D        | Bought a potion of haste for 110 gold pieces
   464 | D        | Bought a potion of heal wounds for 55 gold pieces
   464 | D        | Bought a potion of heal wounds for 55 gold pieces
   480 | D        | Noticed Sonja
   502 | D        | HP: 3/68 [Sonja/uncursed short sword of distortion (1)]
   502 | D        | Slain by Sonja

Skill      XL: |  1  2  3  4  5  6 |
---------------+-------------------+-----
Fighting       | 6 8 10 11 | 11.4
Axes           | 5 8 10 11 | 11.2
Armour         | 4 6 |  6.4
Shields        | 4 6 |  6.4

Action                   |  1- 3 |  4- 6 || total
-------------------------+-------+-------++-------
Melee: War axe           |     7 |    28 ||    35
       Headbutt          |     3 |     5 ||     8
  Use: Potion            |       |     4 ||     4
Armor: Scale mail        |       |    15 ||    15
Dodge: Dodged            |     4 |    10 ||    14
Block: Shield            |     2 |    16 ||    18
